 Dungeon Crawl Stone Soup version 0.21-a0-401-g0b6bec4 (webtiles) character file.

65 Annonymus the Shield-Bearer (level 4, -1/29 HPs)
             Began as a Gargoyle Fighter on Oct 24, 2017.
             Killed from afar by a white imp (3 damage)
             ... with a puff of frost
             ... summoned by Natasha
             ... on level 3 of the Dungeon.
             The game lasted 00:17:05 (1198 turns).

Annonymus the Shield-Bearer (Gargoyle Fighter)      Turns: 1198, Time: 00:17:05

Health: -1/29      AC:  9    Str: 21    XL:     4   Next: 14%
Magic:  4/4        EV:  7    Int:  8    God:
Gold:   32         SH: 11    Dex:  9    Spells: 3/3 levels left

rFire    . . .     SeeInvis .   a - +0 flail
rCold    . . .     Gourm    .   r - +2 shield
rNeg     + . .     Faith    .   b - +0 scale mail
rPois    ∞         Spirit   .   (no helmet)
rElec    +         Reflect  .   (no cloak)
rCorr    .         Harm     .   e - +0 pair of gloves
MR       .....                  (no boots)
Stlth    ..........             (no amulet)
HPRegen  0.09/turn              l - -2 ring of protection (curse)
MPRegen  0.09/turn              (no ring)

@: slowed, very slow
A: negative energy resistance 1, electricity resistance, unbreathing,
petrification resistance, rot immunity, AC +3
a: no special abilities


You were on level 3 of the Dungeon.
You were hungry.

You visited 1 branch of the dungeon, and saw 3 of its levels.

You collected 32 gold pieces.

Inventory:

Hand Weapons
 a - a +0 flail (weapon)
 o - a +3 short sword
Missiles
 h - 14 bolts
 j - 62 stones (quivered)
 m - 7 poisoned needles
Armour
 b - a +0 scale mail (worn)
 c - a +0 shield
 e - a +0 pair of gloves (worn)
 i - a +0 scale mail
 k - a +0 ring mail
 r - a +2 shield (worn)
Jewellery
 l - a cursed -2 ring of protection (left hand)
Scrolls
 n - a scroll of teleportation {unknown}
 p - a scroll of identify {unknown}
 s - a scroll of blinking {unknown}
Potions
 d - a potion of might
Comestibles
 f - a bread ration
 g - 4 chunks of flesh
 q - a royal jelly


   Skills:
 + Level 3.6 Fighting
 + Level 2.7 Maces & Flails
 + Level 3.8 Armour
 + Level 0.2 Dodging
 + Level 4.1 Shields


You had 3 spell levels left.
You didn't know any spells.

Dungeon Overview and Level Annotations

Branches:
Dungeon (3/15)

Altars:

Annotations:
D:3 Natasha


Innate Abilities, Weirdness & Mutations

You are resistant to torment.
Your stone body is resilient. (AC +3)
You are immune to poison.
You resist negative energy. (rN+)
You are resistant to electric shocks. (rElec)
You can survive without breathing.
You are immune to petrification.
You are immune to rotting.


Message History

The white imp hits you but does no damage.
You block Natasha's attack.
You hit Natasha but do no damage. The white imp gestures at you.
The puff of frost hits you!
Natasha mewls in sadness.
Natasha casts a spell.
The white imp gestures at you. The puff of frost hits you!
You closely miss the white imp.
You are feeling hungry.
You block Natasha's attack.
The white imp hits you but does no damage.
The white imp puffs mist at you. The white imp hits you.
The white imp freezes you.
* * * LOW HITPOINT WARNING * * *
The crimson imp blinks!
Natasha claws you.
* * * LOW HITPOINT WARNING * * *
The white imp gestures at you. The puff of frost hits you!
You die...

#############
##.....#.....##
##......5§.....##
#.......h@....5.#
#.......5...?...#
#####...............#
.........[w..$...>..#
##>...............!#
##..........[......##
####...........#.....##
..............########
####..........#


You could see a worm, Natasha, a crimson imp and 2 white imps.

Vanquished Creatures
  2 adders (D:3)
  A dart slug (D:3)
  2 leopard geckos
  A ball python (D:3)
  5 bats
  7 goblins
  4 hobgoblins
  4 jackals
  4 kobolds (D:1)
  5 frilled lizards
  6 rats
41 creatures vanquished.

Notes
Turn   | Place    | Note
-------+----------+-------------------------------------------
     0 | D:1      | Annonymus the Gargoyle Fighter began the quest for the Orb.
     0 | D:1      | Reached XP level 1. HP: 14/14 MP: 1/1
   216 | D:1      | Reached XP level 2. HP: 19/19 MP: 2/2
   598 | D:1      | Reached XP level 3. HP: 16/23 MP: 3/3
  1094 | D:3      | Reached skill level 4 in Shields
  1102 | D:3      | Reached XP level 4. HP: 29/29 MP: 4/4
  1178 | D:3      | Noticed Natasha
  1198 | D:3      | Killed from afar by a white imp

Vault maps used:
D:1:      eino_arrival_water_cross
D:2:      nicolae_qazlal_eye_of_the_storm, minmay_ruptured, uniq_sigmund
D:3:      minmay_door_path, portal_sewer_entry_e, uniq_natasha

Skill      XL: |  1  2  3 |
---------------+----------+-----
Shields        | 4 |  4.1
Fighting       | |  3.6
Maces & Flails | |  2.7
Armour         | |  3.8
Dodging        | |  0.2

Action                   |  1- 3 |  4- 6 || total
-------------------------+-------+-------++-------
Melee: Flail             |   156 |    35 ||   191
  Eat: Chunk             |     1 |       ||     1
Armor: Scale mail        |   104 |    23 ||   127
Dodge: Dodged            |    71 |    12 ||    83
Block: Shield            |   125 |    27 ||   152

Table legend:
 A = Spawn XP
 B = Non-spawn XP
 C = Spawn XP percentage of total XP
 D = Spawn monster count
 E = Non-spawn monster count
 F = Spawn count percentage of total count
 G = Total turns spent on level
                    A         B        C        D         E        F      G
               +---------+---------+-------+---------+---------+-------+---------
         Total |       0 |      94 |   0.0 |       0 |      41 |   0.0 |  1198
               +---------+---------+-------+---------+---------+-------+---------
           D:1 |       0 |      40 |   0.0 |       0 |      24 |   0.0 |   890
           D:2 |       0 |       3 |   0.0 |       0 |       3 |   0.0 |    25
           D:3 |       0 |      51 |   0.0 |       0 |      14 |   0.0 |   283
               +---------+---------+-------+---------+---------+-------+---------
